Map: Moonlight Madness LE (Void)

Players

SticklerMac

  • Race: Zerg Zerg
  • League: Bronze

Arcadia - Winner!

  • Race: Protoss Protoss
  • League: Bronze

VOD

Have the link to the VOD?

Description

Time

  • Played on: July 23, 2015, 12:40 a.m.
  • Length: 8:54
Show
View Real Time Build Order
Export as new Build Order

SticklerMac Zerg 

Build Orders: Pool First 

Get SALT Encoding   

  12  0:01  Drone  
  13  0:08  Drone  
  14  0:17  Overlord  
  14  0:35  Spawning Pool  
  13  0:38  Drone  
  13  0:40  Drone  
  15  0:45  Drone  
  17  0:50  Drone  
  17  1:00  Drone  
  18  1:14  Drone  
  19  1:21  Hatchery, Drone  
  19  1:26  Extractor  
  18  1:33  Queen  
  20  1:45  Roach Warren  
  20  1:46  Drone  
  20  1:53  Drone  
  21  1:56  Overlord  
  21  2:14  Overlord  
  21  2:15  Drone  
  22  2:30  Overlord  
  22  2:33  Overlord  
  22  2:36  Queen  
  22  2:44  Lair, Extractor  
  24  2:48  Drone  
  24  2:52  Drone  
  25  3:06  Drone x4  
  25  3:07  Drone  
  30  3:49  Drone  
  30  3:50  Drone x7  
  38  3:57  Hatchery  
  38  3:58  Drone x3  
  40  4:09  Spire  
  39  4:15  Roach  
  39  4:16  Roach  
  44  4:17  Overlord x2  
  44  4:23  Spine Crawler  
  43  4:27  Spore Crawler  
  42  4:32  Overlord  
  42  4:37  Roach  
  31  5:20  Mutalisk x2  
  31  5:21  Mutalisk x3  
  20  5:23  Zergling x8  
  20  5:24  Zergling x14  
  36  5:31  Drone, Queen  
  23  6:02  Zergling x2  
  23  6:03  Zergling x4  
  24  6:08  Queen  
  17  7:02  Hatchery  
  2  7:54  Hatchery  
Show
View Real Time Build Order
Export as new Build Order

Arcadia Protoss - Winner!

Build Orders:  

Get SALT Encoding   

  12  0:01  Probe  
  13  0:17  Pylon  
  13  0:24  Assimilator  
  13  0:25  Probe  
  14  0:40  Gateway  
  14  0:42  Probe (Chrono Boost)  
  15  0:54  Probe (Chrono Boost)  
  15  0:55  Assimilator  
  16  1:01  Probe (Chrono Boost)  
  17  1:09  Pylon  
  17  1:13  Probe (Chrono Boost)  
  18  1:25  Probe (Chrono Boost)  
  19  1:30  Cybernetics Core  
  19  1:41  Gateway  
  19  1:45  Zealot (Chrono Boost)  
  21  1:50  Probe  
  22  2:10  Stargate  
  22  2:13  Warp Gate (Chrono Boost)  
  22  2:15  Stalker  
  24  2:23  Probe  
  25  2:35  Probe  
  26  2:47  Probe  
  27  2:52  Stalker  
  27  2:55  Pylon  
  29  3:03  Pylon  
  29  3:14  Mothership Core  
  29  3:19  Void Ray (Chrono Boost)  
  35  3:39  Pylon  
  35  3:52  Gateway  
  35  3:53  Gateway  
  35  3:55  Gateway  
  35  4:12  Zealot x2  
  39  4:31  Pylon  
  39  4:32  Void Ray (Chrono Boost)  
  43  4:51  Stalker x2  
  47  5:10  Zealot x3  
  47  5:22  Void Ray (Chrono Boost)  
  47  5:27  Zealot x2  
  55  5:36  Sentry x2  
  55  5:55  Stalker x2  
  54  6:10  Stalker x2  
  58  6:17  Stalker  
  60  6:35  Stalker  
  62  6:56  Probe  
  59  7:11  Probe  
  60  7:16  Nexus  
  60  7:18  Pylon x2  
  60  7:23  Probe  
  61  7:41  Stalker  
  61  7:42  Stalker x2  
  67  8:00  Stalker x2  
  71  8:43  Stalker x3  
  71  8:44  Stalker  
Tags
 
Add a new tag
Caveats
  • Supply blocks, unpowered buildings, or Contaminate may cause inaccurate times.
  • Supply counts are checked every 10 seconds.